 Dungeon Crawl Stone Soup version 0.29-a0-529-gfa20dd96a1 (webtiles) character file.

Game seed: 10683367674758815557

74 jifgo the Insei (level 4, 0/29 HPs)
             Began as an Octopode Transmuter on June 2, 2022.
             Slain by Ijyb
             ... wielding a +0 dagger
              (5 damage)
             ... on level 3 of the Dungeon.
             The game lasted 00:03:02 (2155 turns).

jifgo the Insei (Octopode Transmuter)               Turns: 2155, Time: 00:03:02

Health: 0/29       AC:  1    Str: 11    XL:     4   Next: 28%
Magic:  7/7        EV: 13    Int: 13    God:
Gold:   109        SH:  0    Dex: 12    Spells: 2/8 levels left

rFire   . . .      SeeInvis .     - Unarmed
rCold   . . .      Faith    .   (no shield)
rNeg    . . .      Spirit   .   (helmet currently unavailable)
rPois   .          Reflect  .   (no amulet)
rElec   +          Harm     .   f - ring of wizardry
rCorr   .          Rampage  .   (no ring)
Will    +....                   (no ring)
Stlth   ++........              (no ring)
HPRegen 0.09/turn               (no ring)
MPRegen 0.10/turn               (no ring)
                                (no ring)
                                (no ring)

@: mighty, appendages (expiring), wereblooded
A: tentacle spike 3, almost no armour, amphibious, 8 rings, camouflage 1,
gelatinous body 1, (nimble swimmer 1), tentacles, dopey 1, strong-willed 1,
electricity resistance
a: End Transformation


You were on level 3 of the Dungeon.
One of your tentacles had grown a beastly spike.
You visited 1 branch of the dungeon, and saw 3 of its levels.

You collected 109 gold pieces.

Inventory:

Missiles
 i - 6 poisoned darts
 k - 5 silver javelins
 m - 3 javelins
Jewellery
 f - a ring of wizardry (left tentacle)
Scrolls
 b - a scroll of vulnerability {unknown}
 d - 4 scrolls of identify {unknown}
 e - a scroll of enchant weapon {unknown}
 h - a scroll of teleportation {unknown}
 p - a scroll of poison {unknown}
Potions
 a - a potion of lignification
 g - a potion of might
 j - a potion of invisibility {unknown}
 l - a potion of attraction {unknown}
 n - 2 potions of magic
 o - a potion of curing {unknown}


   Skills:
 + Level 2.0 Fighting
 - Level 2.0 Dodging
 + Level 3.5 Unarmed Combat
 + Level 2.6 Spellcasting
 + Level 2.6 Transmutations
 + Level 1.0 Poison Magic


You had 2 spell levels left.
You knew the following spells:

 Your Spells              Type           Power      Damage    Failure   Level
a - Wereblood             Tmut           8%         N/A       4%          2
b - Spider Form           Tmut/Pois      6%         N/A       13%         3
x - Beastly Appendage     Tmut           16%        N/A       3%          1

Your spell library contained the following spells:

 Spells                   Type           Power      Damage    Failure   Level
 Ice Form                 Ice/Tmut       5%         N/A       45%         4


Dungeon Overview and Level Annotations

Branches:
Dungeon (3/15)

Altars:
Wu Jian

Annotations:
D:3 Ijyb


Innate Abilities, Weirdness & Mutations

One of your tentacles has grown a beastly spike.
You cannot wear most types of armour.
You are amphibious.
You can wear up to eight rings at the same time.
Your skin changes colour to match your surroundings (Stealth+).
Your rubbery body absorbs attacks. (AC +1, EV +1)
((You are camouflaged when in or above water. (Stealth+)))
You have tentacles for arms and can constrict up to eight enemies at once.
You are dopey. (Int -2)
You are strong-willed. (Will+)
You are resistant to electric shocks. (rElec)


Message History

The magic dart hits you!
Ijyb the Twisted Goblin comes into view.
She is wielding a +0 dagger and carrying a wand of paralysis (6).
Ijyb shouts!
Ijyb screams, "Level is mine!
All mine!"
Casting: Beastly Appendage (safe; 3% risk of failure)
Confirm with . or Enter, or press ? or * to list all spells.
Your blood is infused with primal strength.
You tentacle-slap Natasha but do no damage.
Your grab misses Natasha. Natasha claws you.
You tentacle-slap Natasha. You grab Natasha.
You pierce Natasha, but do no damage.
Natasha is lightly wounded.
You constrict Natasha. Natasha claws you.
* * * LOW HITPOINT WARNING * * *
You tentacle-slap Natasha.
Your tentacle spike misses Natasha.
Natasha is moderately wounded.
Your transformation is almost over.
You constrict Natasha. Natasha claws you.
* * * LOW HITPOINT WARNING * * *
You tentacle-slap Natasha.
Natasha is heavily wounded.
You constrict Natasha. Natasha closely misses you.
Unknown command.
It was a potion of magic.
Magic courses through your body.
You constrict Natasha. Natasha barely misses you.
It was a potion of might.
You feel very mighty all of a sudden.
You constrict Natasha.
You feel a bit better.
You kill Natasha!
Natasha yowls pathetically as she dies!
Ijyb zaps a wand.
You suddenly lose the ability to move!
Your Fighting skill increases to level 2!
Your Poison Magic skill increases to level 1!
You have reached level 4!
You howl as the wereblood boils in your veins!
You can move again.
It was a potion of mutation.
You feel extremely strange.
You feel strong-willed.
You feel stupid.
You feel insulated. Ijyb hits you with a +0 dagger.
You die...

##########.#
#.# #.# #.#
#.# #.# ..#
#.# ### #.#
#.# #.#
###########.#
......g@....#
#############


You could see Ijyb.

Vanquished Creatures
  Natasha (D:3)
  A worm (D:2)
  2 dart slugs (D:1)
  3 bats
  4 endoplasms
  A giant cockroach (D:2)
  5 goblins
  2 hobgoblins (D:2)
  3 jackals (D:1)
  2 quokkas (D:2)
  5 ball pythons
  A frilled lizard (D:2)
  6 kobolds
  2 rats (D:1)
38 creatures vanquished.

Notes
Turn   | Place    | Note
-------+----------+-------------------------------------------
     0 | D:1      | jifgo the Octopode Transmuter began the quest for the Orb.
     0 | D:1      | Reached XP level 1. HP: 13/13 MP: 3/3
   125 | D:1      | Found a faded altar of an unknown god.
   235 | D:1      | Reached XP level 2. HP: 14/18 MP: 5/5
   240 | D:1      | Learned a level 2 spell: Wereblood
   794 | D:1      | Reached XP level 3. HP: 10/23 MP: 4/6
  1013 | D:1      | Learned a level 3 spell: Spider Form
  1376 | D:2      | Found an ornate altar of the Wu Jian Council.
  2143 | D:3      | Noticed Natasha
  2146 | D:3      | Noticed Ijyb
  2153 | D:3      | Killed Natasha
  2153 | D:3      | Paralysed by Ijyb for 2 turns
  2154 | D:3      | Reached skill level 1 in Poison Magic
  2154 | D:3      | Reached XP level 4. HP: 5/29 MP: 7/7
  2155 | D:3      | Gained mutation: You are strong-willed. (Will+) [potion of
                  | mutation]
  2155 | D:3      | Gained mutation: You are dopey. (Int -2) [potion of
                  | mutation]
  2155 | D:3      | Gained mutation: You are resistant to electric shocks.
                  | (rElec) [potion of mutation]
  2155 | D:3      | Slain by Ijyb

Illustrated notes

Levels and vault maps discovered:
D:1:      minmay_arrival_stone_box, layout_basic,
          shapermc_ecumenical_altar_pompeii, st_stairs_9
D:2:      layout_rooms, basic_altar, serial_park_tiny_pond
D:3:      layout_loops_ring, minivault_11, minmay_misc_feat_cross,
          nicolae_figureground_sparkle, uniq_ijyb, uniq_natasha

Skill      XL: |  1  2  3 |
---------------+----------+-----
Fighting       | 2 |  2.0
Poison Magic   | 1 |  1.0
Dodging        | |  2.0
Unarmed Combat | |  3.5
Spellcasting   | |  2.6
Transmutations | |  2.6

Action                   |  1- 3 |  4- 6 || total
-------------------------+-------+-------++-------
Melee: Unarmed           |    77 |       ||    77
       Tentacles         |    10 |       ||    10
       Constrict         |    19 |       ||    19
       Kick              |    12 |       ||    12
       Punch             |     1 |       ||     1
 Cast: Beastly Appendage |    19 |       ||    19
       Wereblood         |     2 |       ||     2
  Use: Potion            |     2 |     1 ||     3
 Stab: Sleeping          |     3 |       ||     3
Armor: Skin              |     4 |       ||     4
Dodge: Dodged            |    47 |       ||    47

Table legend: (Time is in decaauts)
 A = Elapsed time spent in this place.
 B = Non-inter-level travel time spent in this place.
 C = Inter-level travel time spent in this place.
 D = Time resting spent in this place.
 E = Time spent auto-exploring this place.
 F = Levels seen in this place.
 G = Mean time per level.
                   A        B        C        D        E       F      G
               +--------+--------+--------+--------+--------+-----+--------+
         Total |   2150 |   2125 |     25 |    434 |   1292 |   3 |  716.7 |
       Dungeon |   2150 |   2125 |     25 |    434 |   1292 |   3 |  716.7 |
               +--------+--------+--------+--------+--------+-----+--------+

Top non-repeatable levels by time:
     D:1: 1328 daAuts
     D:2: 731 daAuts
     D:3: 90 daAuts
